 Dungeon Crawl Stone Soup version 0.31-a0-187-gba352fbbf7 (webtiles) character file.

Game seed: 13571212866035693493

792 rabbitsville the Magician (level 7, -1/50 HPs)
             Began as a Hill Orc Ice Elementalist on June 23, 2023.
             Slain by an orc priest
             ... wielding a +0 dagger
              (3 damage)
             ... on level 5 of the Dungeon.
             The game lasted 00:21:07 (4883 turns).

rabbitsville the Magician (HOIE)                    Turns: 4883, Time: 00:21:07

Health: -1/50      AC:  4    Str: 11    XL:     7   Next: 88%
Magic:  1/15       EV: 12    Int: 17    God:
Gold:   211        SH:  0    Dex: 11    Spells: 10/17 levels left

rFire   + . .        k - staff of fire
rCold   + . .        (no shield)
rNeg    . . .        a - +0 robe
rPois   .            (no helmet)
rElec   .            o - +0 cloak
rCorr   .            v - +0 pair of gloves
SInv    .            (no boots)
Will    .....        (no amulet)
Stlth   ++           u - ring of protection from cold
HPRegen 0.28/turn    (no ring)
MPRegen 0.14/turn

%: no passive effects
@: freezing walls
A: no striking features
a: no special abilities


You were on level 5 of the Dungeon.
You visited 1 branch of the dungeon, and saw 6 of its levels.

You collected 211 gold pieces.

Inventory:

Hand Weapons
 c - a +0 whip
Missiles
 e - 3 javelins
 h - 24 poisoned darts
Armour
 a - a +0 robe (worn)
 o - a +0 cloak (worn)
 v - a +0 pair of gloves (worn)
Magical Staves
 k - a staff of fire (weapon)
Jewellery
 u - a ring of protection from cold (left hand)
Wands
 p - a wand of paralysis (4)
 x - a wand of iceblast (5)
 z - a wand of polymorph (12)
Scrolls
 d - 2 scrolls of identify {unknown}
 g - a scroll of amnesia {unknown}
 j - 2 scrolls of poison {unknown}
 l - 2 scrolls of torment {unknown}
 m - a scroll of blinking {unknown}
 r - a scroll of fear {unknown}
 s - 2 scrolls of teleportation {unknown}
 w - 2 scrolls of silence {unknown}
 y - a scroll of fog {unknown}
Potions
 b - a potion of magic
 f - 2 potions of heal wounds {unknown}
 i - a potion of ambrosia {unknown}
 n - 2 potions of might {unknown}
 q - a potion of curing {unknown}
 t - a potion of invisibility
 A - a potion of cancellation {unknown}
 B - a potion of resistance {unknown}
 C - 2 potions of degeneration {unknown}


   Skills:
 - Level 1.5 Dodging
 - Level 1.5 Stealth
 * Level 5.6 Spellcasting
 + Level 2.4 Summonings
 - Level 5.0 Ice Magic


You had 10 spell levels left.
You knew the following spells:

 Your Spells              Type           Power      Damage    Failure   Level
a - Freeze                Ice            84%        1d9       1%          1
b - Frozen Ramparts       Ice            42%        1d7       5%          3
c - Ozocubu's Armour      Ice            21%        N/A       5%          3

Your spell library contained the following spells:

 Spells                   Type           Power      Damage    Failure   Level
 Summon Ice Beast         Ice/Summ       17%        N/A       28%         4
 Summon Mana Viper        Hex/Summ       8%         N/A       92%         5
 Monstrous Menagerie      Summ           6%         N/A       100%        7


Dungeon Overview and Level Annotations

Branches:
Dungeon (6/15)
 Temple: D:4-7

Altars:
Ru

Shops:
D:5 [   D:6 *

Annotations:
D:3 1 runed translucent door, Midn8's ghost, amateur VSRe
D:4 Pikel


Message History

The phantom hits you.
The phantom blinks!
You blink.
Your icy armour cracks and falls away as you move.
Something hits you.
Aiming: Freeze (safe; 1% risk of failure)
Press: ? - help, Q - select action, (/) - cycle Shift-Dir - straight line, f - phantom
Aim: a phantom (lightly damaged)
You freeze the phantom.
The phantom resists.
The phantom is moderately damaged.
The phantom hits you.
The phantom blinks!
You blink.
A black bear comes into view.
Found a gluggy blue potion.
Found a stone staircase leading down.
The phantom attacks as you move away! The phantom hits you.
The black bear growls angrily.
The phantom attacks as you move away! The phantom hits you.
You hear something call down the wrath of Beogh upon you.
Beogh smites you! The phantom attacks as you move away! The phantom misses you.
The phantom attacks as you move away! The phantom closely misses you.
Items here: )) [[ ††.
There is a stone staircase leading up here.
The phantom hits you!
The phantom blinks!
You blink.
You stop ascending the stairs.
The phantom attacks as you move away!
The phantom hits you but does no damage.
There is a stone staircase leading up here.
The phantom hits you.
* * * LOW HITPOINT WARNING * * *
You hear something invoke the aid of Beogh against you.
Pain shoots through your body!
* * * LOW HITPOINT WARNING * * *
You climb upwards.
Reactivating autopickup.
There is a stone staircase leading down here.
Casting: Frozen Ramparts (dangerous; 5% risk of failure)
Press: ? - help, Q - select action, (/) - cycle Dir - look around, f - activate A stone staircase leading down.
The walls around you are covered in ice.
The phantom hits you but does no damage.
Something hits you.
You die...

.............^..#....#
.........##..........##
.#......##.........##.#
........##........#...##
......).......#........#
..........###.###......#
...................##.##
.................W.####
>...............@...#
................#...#
................##.##
.....#..............#
#....###...#........##
#....##....#...##....#
##...#.........####.##
........##....## ###
##..........###


You could see a phantom.

Vanquished Creatures
  2 black bears (D:4)
  A bullfrog (D:4)
  A scorpion (D:5)
  A howler monkey (D:4)
  A hound (D:6)
  2 orc priests
  3 iguanas
  3 orc wizards
  Robin (D:4)
  10 adders
  A worm (D:5)
  4 dart slugs
  14 orcs
  5 endoplasms
  7 hobgoblins
  6 quokkas
  8 ball pythons
  12 bats
  3 frilled lizards
  12 goblins
  4 kobolds
  6 rats
107 creatures vanquished.

Notes
Turn   | Place    | Note
-------+----------+-------------------------------------------
     0 | D:1      | rabbitsville the Hill Orc Ice Elementalist began the quest
                  | for the Orb.
     0 | D:1      | Reached XP level 1. HP: 14/14 MP: 3/3
   263 | D:1      | Reached XP level 2. HP: 20/20 MP: 0/5
   968 | D:1      | Reached XP level 3. HP: 26/26 MP: 2/6
  1573 | D:2      | Found a sacrificial altar of Ru.
  1688 | D:2      | Learned a level 3 spell: Frozen Ramparts
  1990 | D:3      | Reached XP level 4. HP: 26/33 MP: 3/8
  2960 | D:3      | Found a runed translucent door.
  2960 | D:3      | Noticed Midn8's ghost (amateur VSRe)
  3015 | D:4      | Reached XP level 5. HP: 36/38 MP: 6/10
  3087 | D:4      | Noticed a black bear
  3100 | D:4      | Killed a black bear
  3166 | D:4      | Learned a level 3 spell: Ozocubu's Armour
  3192 | D:4      | Noticed Robin
  3198 | D:4      | Killed Robin
  3199 | D:4      | Reached XP level 6. HP: 45/45 MP: 5/12
  3248 | D:4      | Noticed a black bear
  3448 | D:4      | Noticed Pikel
  3463 | D:5      | Entered Level 5 of the Dungeon
  3930 | D:5      | Found Nunis's Armour Shop.
  3968 | D:5      | Reached XP level 7. HP: 50/50 MP: 8/14
  4042 | D:4      | Reached skill level 5 in Spellcasting
  4223 | D:4      | Reached skill level 1 in Summonings
  4223 | D:4      | Reached skill level 5 in Ice Magic
  4842 | D:6      | Found Salo's Assorted Antiques.
  4881 | D:6      | HP: 1/50 [something/nerve-wracking pain (11)]
  4883 | D:5      | Slain by an orc priest

Illustrated notes

Levels and vault maps discovered:
D:1:      co_arrival_square_in_a_square_in_a_square, layout_loops_corners,
          chequers_serial_rivers_marsh
D:2:      layout_loops_cross, basic_altar
D:3:      layout_basic, gammafunk_ghost_grave, kennysheep_potato
D:4:      layout_rooms, hangedman_decor_riveting, item_on_display_a, uniq_pikel,
          uniq_robin
D:5:      layout_cave_pools, serial_shops, shop
D:6:      layout_loops_ring, serial_shops, nicolae_shop_advertising_works
          [nicolae_subvault_shop_adworks], ebering_ghost_gozag

Skill      XL: |  1  2  3  4  5  6  7 |
---------------+----------------------+-----
Spellcasting   | 2 3 4 5 |  5.6
Ice Magic      | 4 5 |  5.0
Summonings     | 2 |  2.4
Dodging        | |  1.5
Stealth        | |  1.5

Action                     |  1- 3 |  4- 6 |  7- 9 || total
---------------------------+-------+-------+-------++-------
  Melee: Whip              |     3 |       |       ||     3
         Staff             |       |    12 |       ||    12
         Punch             |       |     1 |       ||     1
  Throw: Dart              |       |     4 |     6 ||    10
   Cast: Freeze            |    60 |    81 |    41 ||   182
         Frozen Ramparts   |       |     5 |     5 ||    10
         Ozocubu's Armour  |       |     2 |     3 ||     5
  Evoke: Wand              |       |       |     4 ||     4
   Stab: Sleeping          |       |     1 |       ||     1
 Armour: Robe              |    11 |    27 |    23 ||    61
  Dodge: Dodged            |    33 |    39 |    22 ||    94

Table legend: (Time is in decaauts)
 A = Elapsed time spent in this place.
 B = Non-inter-level travel time spent in this place.
 C = Inter-level travel time spent in this place.
 D = Time resting spent in this place.
 E = Time spent auto-exploring this place.
 F = Levels seen in this place.
 G = Mean time per level.
                   A        B        C        D        E       F      G
               +--------+--------+--------+--------+--------+-----+--------+
         Total |   4888 |   4674 |    214 |    229 |   3180 |   6 |  814.7 |
       Dungeon |   4888 |   4674 |    214 |    229 |   3180 |   6 |  814.7 |
               +--------+--------+--------+--------+--------+-----+--------+

Top non-repeatable levels by time:
     D:1: 1354 daAuts
     D:3: 1147 daAuts
     D:5: 929 daAuts
     D:4: 709 daAuts
     D:2: 620 daAuts
     D:6: 127 daAuts
